Map: Frozen Temple

Players

Light - Winner!

  • Race: Protoss Protoss
  • League: Grandmaster

Miszu

  • Race: Terran Terran
  • League: Master

VOD

Have the link to the VOD?

Description

Time

  • Played on: April 22, 2016, 1:39 p.m.
  • Length: 4:58
Show
View Real Time Build Order
Export as new Build Order

Light Protoss - Winner!

Build Orders: 1 Gate Expand, Dark Templar Rush 

Get SALT Encoding   

  12  0:00  Probe (Chrono Boost)  
  13  0:11  Probe (Chrono Boost)  
  14  0:18  Pylon  
  14  0:22  Probe (Chrono Boost)  
  15  0:36  Probe (Chrono Boost)  
  15  0:37  Gateway  
  15  0:42  Assimilator  
  16  0:46  Probe (Chrono Boost)  
  18  0:57  Probe (Chrono Boost)  
  18  1:07  Probe (Chrono Boost)  
  19  1:18  Probe (Chrono Boost)  
  20  1:25  Nexus  
  20  1:34  Probe (Chrono Boost)  
  21  1:41  Cybernetics Core  
  21  1:44  Probe (Chrono Boost)  
  22  1:51  Pylon  
  22  1:55  Assimilator  
  22  1:58  Probe (Chrono Boost)  
  23  2:17  Stalker, Mothership Core (Chrono Boost)  
  23  2:21  Warp Gate  
  27  2:35  Probe (Chrono Boost)  
  28  2:38  Probe (Chrono Boost)  
  28  2:42  Twilight Council  
  29  2:46  Probe (Chrono Boost)  
  29  2:48  Probe (Chrono Boost)  
  31  2:52  Pylon  
  31  2:57  Probe (Chrono Boost)  
  32  3:00  Probe (Chrono Boost)  
  33  3:07  Probe (Chrono Boost)  
  33  3:08  Pylon  
  33  3:10  Probe (Chrono Boost)  
  35  3:12  Pylon  
  35  3:18  Probe (Chrono Boost)  
  36  3:21  Probe (Chrono Boost)  
  36  3:23  Dark Shrine  
  37  3:32  Gateway  
  37  3:35  Probe x2 (Chrono Boost)  
  39  3:42  Gateway  
  39  3:46  Probe (Chrono Boost)  
  39  3:47  Probe (Chrono Boost)  
  41  3:57  Probe (Chrono Boost)  
  44  4:07  Probe (Chrono Boost)  
  44  4:08  Probe (Chrono Boost)  
  44  4:11  Assimilator  
  44  4:14  Gateway  
  44  4:23  Robotics Facility  
  44  4:25  Probe (Chrono Boost)  
  44  4:26  Probe (Chrono Boost)  
  44  4:30  Gateway  
  46  4:35  Dark Templar  
  46  4:36  Probe (Chrono Boost)  
  49  4:39  Dark Templar  
  49  4:42  Assimilator, Probe (Chrono Boost)  
  52  4:46  Probe (Chrono Boost)  
Show
View Real Time Build Order
Export as new Build Order

Miszu Terran 

Build Orders:  

Get SALT Encoding   

  12  0:01  SCV  
  13  0:13  SCV  
  14  0:17  Supply Depot  
  14  0:27  SCV  
  15  0:40  Barracks  
  15  0:45  SCV  
  16  0:57  SCV  
  17  1:11  SCV  
  18  1:25  Command Center  
  18  1:27  Orbital Command  
  18  1:29  Marine  
  19  1:40  Supply Depot  
  19  1:47  Marine  
  19  1:50  Barracks  
  19  1:53  SCV  
  21  2:05  Barracks, SCV  
  21  2:07  Marine  
  23  2:17  SCV  
  23  2:20  Refinery  
  24  2:23  Refinery  
  24  2:25  Marine  
  24  2:29  SCV  
  26  2:37  Orbital Command  
  26  2:38  Marine  
  26  2:41  SCV  
  26  2:43  Marine  
  29  2:51  Marine  
  29  2:53  SCV  
  29  2:57  Barracks Tech Lab, Orbital Command  
  31  3:00  Supply Depot  
  31  3:04  Marine  
  32  3:05  SCV  
  32  3:09  Marine  
  34  3:15  Marine  
  34  3:18  SCV  
  36  3:22  Marine  
  36  3:24  SCV  
  36  3:27  Marine  
  38  3:30  SCV  
  38  3:33  Marine  
  41  3:36  SCV  
  41  3:40  Factory, Marine  
  43  3:42  SCV  
  43  3:44  Marine  
  43  3:48  SCV  
  46  3:50  Refinery, Marine  
  46  3:53  Supply Depot  
  46  3:54  SCV  
  48  3:58  Marine  
  48  4:00  SCV  
  48  4:02  Marine  
  50  4:06  SCV  
  50  4:09  Marine  
  53  4:12  SCV  
  53  4:15  Supply Depot  
  54  4:18  SCV  
  55  4:24  SCV  
  55  4:25  Starport, Factory Reactor  
  55  4:27  Barracks Reactor  
  55  4:28  Barracks Tech Lab  
  55  4:30  SCV  
  57  4:33  Engineering Bay  
  57  4:36  SCV  
  58  4:42  SCV  
  64  4:56  Barracks  
  64  4:57  Barracks  
Tags
 
Add a new tag
Caveats
  • Supply blocks, unpowered buildings, or Contaminate may cause inaccurate times.
  • Supply counts are checked every 10 seconds.